 Dungeon Crawl Stone Soup version 0.27-a0-684-g359e429f13 (webtiles) character file.

Game seed: 3079050894383662807

31 Allula97 the Skirmisher (level 3, -2/29 HPs)
             Began as a Demonspawn Monk on Mar 20, 2021.
             Slain by Crazy Yiuf
             ... wielding a +3 quarterstaff of chaos
              (8 damage)
             ... on level 2 of the Dungeon.
             The game lasted 00:03:40 (1093 turns).

Allula97 the Skirmisher (Demonspawn Monk)           Turns: 1093, Time: 00:03:41

Health: -2/29      AC:  2    Str: 11    XL:     3   Next: 7%
Magic:  3/3        EV: 13    Int: 14    God:
Gold:   7          SH:  0    Dex: 15    Spells: 2/2 levels left

rFire    . . .     SeeInvis .   g - staff of conjuration
rCold    . . .     Faith    .   (no shield)
rNeg     . . .     Spirit   .   b - +0 robe
rPois    .         Reflect  .   (no helmet)
rElec    .         Harm     .   (no cloak)
rCorr    .         Rampage  .   (no gloves)
Will     .....                  (no boots)
Stlth    ++........             (no amulet)
HPRegen  0.09/turn              (no ring)
MPRegen  0.08/turn              (no ring)

@: mighty
A: hooves 1, big brain 1
a: no special abilities


You were on level 2 of the Dungeon.
You visited 1 branch of the dungeon, and saw 2 of its levels.

You collected 7 gold pieces.

Inventory:

Hand Weapons
 a - a +0 hand axe
Missiles
 f - 17 poisoned darts (quivered)
Armour
 b - a +0 robe (worn)
Magical Staves
 g - a staff of conjuration (weapon)
Scrolls
 c - a scroll of teleportation {unknown}
 d - a scroll of noise {unknown}
 e - 3 scrolls of identify {unknown}
 i - a scroll of magic mapping {unknown}


   Skills:
 * Level 3.2 Fighting
 - Level 2.9 Axes
 * Level 0.2 Staves
 - Level 0.1 Throwing
 * Level 0.5 Armour
 * Level 3.0 Dodging
 + Level 1.8 Stealth
 * Level 0.1 Spellcasting
 * Level 0.3 Conjurations
 * Level 0.3 Evocations


You had 2 spell levels left.
You didn't know any spells.
Your spell library was empty.

Dungeon Overview and Level Annotations

Branches:
Dungeon (2/15)

Altars:

Annotations:
D:2 Crazy Yiuf


Innate Abilities, Weirdness & Mutations

You have large cloven feet.
You have an unusually large brain. (Int +2)


Message History

Found a mace.
You throw a poisoned dart. The poisoned dart hits the goblin.
The goblin is poisoned.
You throw a poisoned dart.
The poisoned dart closely misses the goblin.
You barely miss the goblin. You kick the goblin.
The goblin is moderately wounded.
The goblin hits you with a +0 club. The goblin barely misses you.
You closely miss the goblin. You kick the goblin.
You kill the goblin!
e - 3 scrolls labelled LOINETT VORHYM (gained 1)
Things that are here:
a +0 club; a goblin corpse
f - 17 poisoned darts (gained 2)
You see here a +0 mace.
You hit the fungus.
The fungus begins to die.
You kick the fungus.
The fungus is lightly damaged.
You hit the fungus. You kick the fungus.
The fungus is lightly damaged.
You hit the fungus.
The fungus is lightly damaged.
You hit the fungus.
The fungus is lightly damaged.
A nearby fungus withers and dies.
You see here a +0 mace.
Found a mace.
Found a runed translucent door.
You open the door.
There is an open translucent door here.
The helpless Crazy Yiuf fails to defend himself.
You hit Crazy Yiuf but do no damage. You kick Crazy Yiuf.
Crazy Yiuf is lightly wounded.
Crazy Yiuf hits you with a +3 quarterstaff of chaos!
Crazy Yiuf burns you.
* * * LOW HITPOINT WARNING * * *
There is an open translucent door here.
Crazy Yiuf yells, "Dawk turtle aubergine!"
It was a potion of might.
You feel very mighty all of a sudden.
Crazy Yiuf hits you with a +3 quarterstaff of chaos!
You die...

#..)# #...#
#...# ##'## ##.#
#.## ##.# #g##
##@## #.).##
#....# #....#
###..).#
#.##...#
#########.#....#
............)..#
.######<###....#


You could see Crazy Yiuf.

Vanquished Creatures
  An ooze (D:1)
  2 dart slugs (D:1)
  3 giant cockroaches (D:1)
  5 goblins
  A hobgoblin (D:1)
  5 bats (D:1)
  2 frilled lizards (D:1)
  3 kobolds (D:1)
  A rat (D:1)
23 creatures vanquished.

Vanquished Creatures (others)
  A fungus (D:2)
1 creature vanquished.

Grand Total: 24 creatures vanquished

Notes
Turn   | Place    | Note
-------+----------+-------------------------------------------
     0 | D:1      | Allula97 the Demonspawn Monk began the quest for the Orb.
     0 | D:1      | Reached XP level 1. HP: 18/18 MP: 1/1
   316 | D:1      | Gained mutation: You have an unusually large brain. (Int
                  | +2) [demonic ancestry]
   316 | D:1      | Reached XP level 2. HP: 17/24 MP: 2/2
   957 | D:1      | Gained mutation: You have large cloven feet. [demonic
                  | ancestry]
   957 | D:1      | Reached XP level 3. HP: 29/29 MP: 3/3
  1077 | D:2      | Found a runed translucent door.
  1078 | D:2      | Noticed Crazy Yiuf
  1093 | D:2      | Slain by Crazy Yiuf

Illustrated notes

Levels and vault maps discovered:
D:1:      dpeg_arrival_three_same_balls, layout_rooms, minmay_pentomino_s4
D:2:      layout_loops_ring, serial_shops, shop_fountains,
          uniq_crazy_yiuf_cottage

Skill      XL: |  1  2 |
---------------+-------+-----
Dodging        | 3 |  3.0
Fighting       | |  3.2
Axes           | |  2.9
Staves         | |  0.2
Throwing       | |  0.1
Armour         | |  0.5
Stealth        | |  1.8
Spellcasting   | |  0.1
Conjurations   | |  0.3
Evocations     | |  0.3

Action                   || total
-------------------------++-------
Melee: Hand axe          ||    24
       Staff             ||    49
       Kick              ||     7
Throw: Dart              ||    27
  Use: Potion            ||     1
 Stab: Sleeping          ||     2
Armor: Robe              ||    16
Dodge: Dodged            ||    69

Table legend: (Time is in decaauts)
 A = Elapsed time spent in this place.
 B = Non-inter-level travel time spent in this place.
 C = Inter-level travel time spent in this place.
 D = Time resting spent in this place.
 E = Time spent auto-exploring this place.
 F = Levels seen in this place.
 G = Mean time per level.
                   A        B        C        D        E       F      G
               +--------+--------+--------+--------+--------+-----+--------+
         Total |   1105 |   1089 |     16 |    179 |    541 |   2 |  552.5 |
       Dungeon |   1105 |   1089 |     16 |    179 |    541 |   2 |  552.5 |
               +--------+--------+--------+--------+--------+-----+--------+

Top non-repeatable levels by time:
     D:1: 1055 daAuts
     D:2: 50 daAuts
